 Dungeon Crawl Stone Soup version 0.26-a0-610-g3e9335bbc7 (webtiles) character file.

Game seed: 2090333707208205339

1966 Nattfarinn the Summoner (level 9, -10/68 HPs)
             Began as a Barachi Summoner on Sept 3, 2020.
             Mangled by an orc warrior
             ... wielding a +0 dire flail
              (14 damage)
             ... on level 7 of the Dungeon on Oct 26, 2020.
             The game lasted 00:36:11 (9465 turns).

Nattfarinn the Summoner (Barachi Summoner)          Turns: 9465, Time: 00:36:12

Health: -10/68     AC:  7    Str:  9 (10) XL:     9   Next: 19%
Magic:  8/16       EV: 14    Int: 16 (18) God:
Gold:   386        SH:  0    Dex: 12 (13) Spells: 7/17 levels left

rFire    + . .     SeeInvis .   p - +2 mace (vorpal)
rCold    + . .     Faith    .   (no shield)
rNeg     . . .     Spirit   .   a - +0 robe
rPois    .         Reflect  .   q - +2 helmet
rElec    .         Harm     .   w - scarf {rC+ rF+}
rCorr    .                      f - +0 pair of gloves
MR       .....                  (no boots)
Stlth    ++........             (no amulet)
HPRegen  0.21/turn              g - ring of wizardry
MPRegen  0.15/turn              (no ring)

@: lethally poisoned (-10 -> -13), marked, slow
A: +LOS, swims, slowness 1, strong legs 1
a: Hop


You were on level 7 of the Dungeon.
You visited 1 branch of the dungeon, and saw 7 of its levels.

You collected 386 gold pieces.

Inventory:

Hand Weapons
 p - a +2 vorpal mace (weapon)
Armour
 a - a +0 robe (worn)
 b - a +1 scale mail of magic resistance
 f - a +0 pair of gloves (worn)
 q - a +2 helmet (worn)
 w - a scarf of resistance (worn)
Jewellery
 g - a ring of wizardry (left hand)
 i - an uncursed ring of protection from magic
 k - an uncursed amulet of faith {unknown}
 r - an uncursed ring of ice
Wands
 o - a wand of polymorph (21)
 s - a wand of acid (6)
Scrolls
 j - a scroll of fear {unknown}
 l - a scroll of identify
 m - a scroll of remove curse
 n - a scroll of immolation
 x - a scroll of magic mapping
Potions
 c - a potion of berserk rage
 d - 2 potions of haste {unknown}
 e - 2 potions of flight
 h - a potion of mutation
 z - a potion of degeneration


   Skills:
 + Level 5.0 Fighting
 * Level 7.4 Armour
 + Level 5.4 Dodging
 - Level 1.7 Stealth
 + Level 4.8 Spellcasting
 * Level 8.9 Summonings


You had 7 spell levels left.
You knew the following spells:

 Your Spells              Type           Power        Failure   Level
a - Summon Small Mammal   Summ           ####         1%          1
b - Call Imp              Summ           ####....     1%          2
c - Call Canine Familiar  Summ           ####....     1%          3
d - Summon Lightning Spi  Summ/Air       ###.....     11%         4

Your spell library contained the following spells:

 Spells                   Type           Power        Failure   Level
 Summon Guardian Golem    Hex/Summ       ###.....     3%          3
 Summon Ice Beast         Ice/Summ       ###.....     11%         4


Dungeon Overview and Level Annotations

Branches:
Dungeon (7/15)
 Temple: D:4-7

Altars:
Dithmenos
The Shining One

Shops:
D:4 :


Innate Abilities, Weirdness & Mutations

You can be seen from farther away. (+LOS)
You can swim through water.
You cover ground slowly.
You can hop short distances.


Message History

The killer bee closely misses you.
Unknown command.
You feel sick.
The killer bee stings your lightning spire.
The killer bee stings your lightning spire but does no damage.
Your lightning spire shoots out a bolt of lightning at the killer bee!
The bolt of electricity hits the killer bee!
The orc priest hits your lightning spire with a +0 falchion.
Your lightning spire is destroyed!
The orc warrior hits you with a +0 dire flail!
* * * LOW HITPOINT WARNING * * *
A hound comes into view.
You see here an arrow.
Unknown command.
It was a potion of degeneration.
There was something very wrong with that liquid.
You feel weakened.
You feel dopey.
You feel clumsy.
You feel sick. The killer bee closely misses you.
The orc warrior hits you with a +0 dire flail!
You die...

.......)##.#............#
........................##
.........#.##.........#..#
#....................###.#
........##.###.......###.##
.#####.###.# #####....>#..#
.......###.# ##.....#.#
...........##########.#...#
########......##@yy))..#..#
# #......##yo.....##.# #
#......##yo.....####
#########.......#
.h.......# #########.# ....
.... ....


You could see an orc warrior, a hound, 4 killer bees and an orc priest.

Vanquished Creatures
  Prince Ribbit (D:6)
  A hippogriff (D:6)
  2 ogres (D:6)
  A bullfrog (D:6)
  2 nameless horrors (D:6)
  An orc priest (D:6)
  2 bullfrog skeletons
  An iguana (D:4)
  3 worker ants
  A white imp (D:6)
  An adder skeleton (D:4)
  2 worms
  2 leopard geckos
  7 orcs
  2 bats
  A giant cockroach (D:4)
  4 goblins
  2 jackals
  2 kobolds
  A giant cockroach zombie (D:5)
  A leopard gecko skeleton (D:4)
  A quokka skeleton (D:6)
  3 rats (D:1)
44 creatures vanquished.

Vanquished Creatures (collateral kills)
  Harold (D:7)
  Sigmund (D:3)
  A sky beast (D:5)
  A phantom (D:4)
  An ogre (D:6)
  2 centaurs
  4 bullfrogs
  A scorpion (D:6)
  5 wights (D:7)
  A howler monkey (D:6)
  2 hounds (D:6)
  An orc priest (D:6)
  A bullfrog skeleton (D:4)
  A jelly (D:7)
  3 orc wizards
  8 worker ants
  A howler monkey zombie (D:6)
  Robin (D:3)
  A river rat (D:6)
  4 adders
  An ooze (D:2)
  An adder skeleton (D:6)
  2 leopard geckos
  9 orcs
  A ball python (D:6)
  A bat (D:1)
  6 giant cockroaches
  8 goblins
  12 hobgoblins
  11 jackals
  2 quokkas
  A frilled lizard (D:5)
  A giant cockroach zombie (D:5)
  12 kobolds
109 creatures vanquished.

Grand Total: 153 creatures vanquished

Notes
Turn   | Place    | Note
-------+----------+-------------------------------------------
     0 | D:1      | Nattfarinn the Barachi Summoner began the quest for the
                  | Orb.
     0 | D:1      | Reached XP level 1. HP: 13/13 MP: 3/3
   712 | D:1      | Reached XP level 2. HP: 20/20 MP: 1/5
   729 | D:1      | Reached skill level 1 in Armour
   858 | D:1      | Reached skill level 5 in Summonings
  1060 | D:1      | Learned a level 2 spell: Call Imp
  2222 | D:2      | Reached XP level 3. HP: 25/25 MP: 1/6
  2945 | D:2      | Found a glowing golden altar of the Shining One.
  3044 | D:2      | Found a shadowy altar of Dithmenos.
  3281 | D:2      | Found a faded altar of an unknown god.
  3357 | D:2      | Learned a level 3 spell: Call Canine Familiar
  3600 | D:3      | Noticed Sigmund
  3818 | D:2      | Reached skill level 1 in Fighting
  3838 | D:3      | Killed Sigmund
  3838 | D:3      | Reached XP level 4. HP: 32/32 MP: 2/8
  3838 | D:3      | Reached XP level 5. HP: 37/37 MP: 2/9
  3914 | D:3      | Noticed Robin
  3923 | D:3      | Killed Robin
  4753 | D:4      | Reached skill level 6 in Summonings
  4753 | D:4      | Reached XP level 6. HP: 44/44 MP: 6/10
  4978 | D:4      | Noticed a phantom
  5086 | D:4      | Killed a phantom
  5412 | D:4      | Found Quconeaps's Book Shoppe.
  5657 | D:5      | Entered Level 5 of the Dungeon
  6133 | D:5      | Noticed a sky beast
  6150 | D:5      | Killed a sky beast
  6150 | D:5      | Reached XP level 7. HP: 51/51 MP: 6/12
  6260 | D:5      | Learned a level 4 spell: Summon Lightning Spire
  6487 | D:6      | Noticed a hippogriff
  7415 | D:6      | Reached skill level 5 in Armour
  7415 | D:6      | Reached skill level 7 in Summonings
  7857 | D:6      | Reached XP level 8. HP: 52/59 MP: 9/13
  7869 | D:6      | Killed a hippogriff
  8298 | D:6      | Noticed Prince Ribbit
  8322 | D:6      | Killed Prince Ribbit
  8322 | D:6      | Reached skill level 8 in Summonings
  9057 | D:7      | Noticed Harold
  9074 | D:7      | Killed Harold
  9074 | D:7      | Reached skill level 5 in Dodging
  9074 | D:7      | Reached XP level 9. HP: 22/67 MP: 8/16
  9443 | D:7      | Reached skill level 5 in Fighting
  9465 | D:7      | Mangled by an orc warrior

Illustrated notes

Levels and vault maps discovered:
D:1:      minmay_arrival_four_loops, layout_basic
D:2:      minmay_kobold_bridge, layout_loops_ring,
          nicolae_overflow_hidden_temple, chequers_ecumenical_altar_grove,
          nicolae_tso_carved_into_rock
D:3:      layout_rooms, minmay_misc_feat_rows, uniq_sigmund, uniq_robin
D:4:      layout_basic, serial_shops, shop, minmay_fractal_squares_gapless_5
D:5:      layout_rooms
D:6:      layout_loops_ring, cheibrodos_sewer_entry_sluice,
          minmay_splitting_lines, uniq_prince_ribbit1
D:7:      layout_rooms, minmay_temple_entry_waves, minivault_10,
          fedhas_ov_isle_minmay, uniq_harold

Skill      XL: |  1  2  3  4  5  6  7  8  9 |
---------------+----------------------------+-----
Armour         | 1 2 3 4 5 7 |  7.4
Summonings     | 5 6 7 8 |  8.9
Fighting       | 1 2 3 4 5 |  5.0
Dodging        | 3 4 5 |  5.4
Spellcasting   | 3 4 |  4.8
Stealth        | |  1.7

Action                   |  1- 3 |  4- 6 |  7- 9 || total
-------------------------+-------+-------+-------++-------
Melee: Dagger            |    47 |       |       ||    47
       Unarmed           |     8 |       |       ||     8
       Spear             |    10 |     7 |       ||    17
       Whip              |     1 |       |       ||     1
       Mace              |       |    76 |   101 ||   177
 Cast: Summon Small Mamm |     9 |       |     2 ||    11
       Call Imp          |    34 |    14 |    26 ||    74
       Call Canine Famil |     5 |    18 |    13 ||    36
       Summon Lightning  |       |       |    22 ||    22
  Use: Scroll            |     8 |     7 |     4 ||    19
       Potion            |       |       |     6 ||     6
 Stab: Sleeping          |     3 |       |     4 ||     7
       Distracted        |       |     3 |     1 ||     4
       Invisible         |       |       |     1 ||     1
Armor: Robe              |    26 |    23 |    31 ||    80
       Scale mail        |       |     3 |       ||     3
Dodge: Dodged            |    83 |    75 |   116 ||   274

Table legend: (Time is in decaauts)
 A = Elapsed time spent in this place.
 B = Non-inter-level travel time spent in this place.
 C = Inter-level travel time spent in this place.
 D = Time resting spent in this place.
 E = Time spent auto-exploring this place.
 F = Levels seen in this place.
 G = Mean time per level.
                   A        B        C        D        E       F      G
               +--------+--------+--------+--------+--------+-----+--------+
         Total |  10400 |  10029 |    371 |   3071 |   5106 |   7 | 1485.7 |
       Dungeon |  10400 |  10029 |    371 |   3071 |   5106 |   7 | 1485.7 |
               +--------+--------+--------+--------+--------+-----+--------+

Top non-repeatable levels by time:
     D:1: 2120 daAuts
     D:6: 2049 daAuts
     D:2: 1965 daAuts
     D:4: 1573 daAuts
     D:5: 1493 daAuts
     D:3: 639 daAuts
     D:7: 558 daAuts
